 Dungeon Crawl Stone Soup version 0.18.1-48-g4cf74bf (webtiles) character file.

179 Lennu the Vexing (level 5, -1/38 HPs)
             Began as a Formicid Arcane Marksman on June 28, 2016.
             Slain by an ogre
             ... wielding a +0 giant spiked club
              (17 damage)
             ... on level 4 of the Dungeon.
             The game lasted 00:26:00 (3314 turns).

Lennu the Vexing (Formicid Arcane Marksman)         Turns: 3314, Time: 00:26:00

Health: -1/38      AC:  5    Str: 17    XL:     5   Next: 90%
Magic:  2/8        EV: 11    Int: 12    God:
Gold:   116        SH:  0    Dex: 10    Spells: 2 memorised, 6 levels left

rFire  + . .     SeeInvis +     A - +0 trident
rCold  x . .     Gourm    .     i - +0 ring mail
rNeg   . . .     Faith    .     (no shield)
rPois  .         Spirit   .     (helmet unavailable)
rElec  .         Dismiss  .     (no cloak)
rCorr  .         Reflect  .     (no gloves)
SustAt .         Harm     .     (no boots)
MR     .....                    (no amulet)
Stlth  ..........               w - ring of fire
                                h - ring of wizardry

@: very slightly contaminated, not resistant to hostile enchantments, extremely
unstealthy
A: permanent stasis, dig shafts and tunnels, four strong arms, antennae 3
a: Dig, Shaft Self


You were on level 4 of the Dungeon.
You were not hungry.

You visited 1 branch of the dungeon, and saw 4 of its levels.

You collected 116 gold pieces.

Inventory:

Hand Weapons
 f - a +1 whip of draining
 g - a +1 mace of holy wrath
 q - a +0 spear
 A - a +0 trident (weapon)
Missiles
 c - 5 javelins
 d - 2 throwing nets
 r - 8 tomahawks (quivered)
Armour
 i - a +0 ring mail (worn)
 m - a +0 plate armour
Jewellery
 h - a ring of wizardry (left hand)
 w - a ring of fire (right hand)
Scrolls
 a - a scroll of immolation {unknown}
 e - a scroll of noise {unknown}
 j - a scroll of teleportation {unknown}
 l - a scroll of fear {unknown}
 n - a scroll of magic mapping {unknown}
 p - a scroll of random uselessness {unknown}
 s - a scroll of identify {unknown}
 u - a scroll of blinking {unknown}
 y - a scroll of amnesia {unknown}
Potions
 k - 2 potions of flight {unknown}
 t - 2 potions of curing {unknown}
 x - a potion of magic {unknown}
Books
 b - a book of Debilitation

   Spells                             Type                      Level
   a - Corona                         Hexes                        1
   b - Slow                           Hexes                        2
   c - Gell's Gravitas                Hexes/Translocation          3
   d - Inner Flame                    Hexes/Fire                   3
   e - Cause Fear                     Hexes                        4
   f - Leda's Liquefaction            Hexes/Earth                  4
Comestibles
 o - a royal jelly
 v - a bread ration
 z - 2 chunks of flesh


   Skills:
 * Level 2.1 Fighting
 - Level 0.2 Maces & Flails
 * Level 1.1 Polearms
 + Level 2.2 Throwing
 * Level 1.6 Armour
 * Level 2.4 Dodging
 * Level 2.6 Spellcasting
 * Level 4.7 Hexes


You had 6 spell levels left.
You knew the following spells:

 Your Spells              Type           Power        Failure   Level  Hunger
a - Corona                Hex            ##.....      4%          1    #......
b - Slow                  Hex            ##......     4%          2    ###....


Dungeon Overview and Level Annotations

Branches:
Dungeon (4/15)
 Temple: D:4-7

Altars:
Fedhas
Nemelex Xobeh
Yredelemnul


Innate Abilities, Weirdness & Mutations

You are under a permanent stasis effect.
You can dig through walls and to a lower floor.
Your four strong arms can wield two-handed weapons with a shield.
You have a pair of large antennae on your head (SInv).


Message History

Aim: an ogre, wielding a giant spiked club (heavily wounded, chance to defeat MR: 49%)
The ogre resists with some effort.
The ogre hits you with a giant spiked club!!
Ouch! That really hurt!
Casting: Slow
Confirm with . or Enter, or press ? or * to list all spells.
Aiming: Slow
Press: ? - help, Shift-Dir - straight line, f/p - ogre
Aim: an ogre, wielding a giant spiked club (heavily wounded, chance to defeat MR: 49%)
You miscast Slow.
You are very lightly contaminated with residual magic.
You hear an indistinct dissonance whispering inside your mind.
Casting: Slow
Confirm with . or Enter, or press ? or * to list all spells.
Aiming: Corona
Press: ? - help, Shift-Dir - straight line, f/p - ogre
Aim: an ogre, wielding a giant spiked club (heavily wounded, chance to defeat MR: 49%)
The ogre is outlined in light.
The ogre hits you with a giant spiked club!
You die...

#.#####..#.#
#.#####..#.####
#........#...>#
#..#####.####.#
#.........[.#.######
#.....(..##.....<..#
#.#.###.....######.#
###.#.# #.##O......#
#...#.# #....@..#..#
###.###.# #..###..#
# #.......#
#.......# #.#.#####
##......#
#.#...######..#####
#.#.#......#....
#.###.####.#...## #.
...# #.#...#
##########.#...#


You could see an ogre.

Vanquished Creatures
  2 orc wizards (D:3)
  3 adders
  3 oozes
  An adder skeleton (D:4)
  2 worms
  4 giant geckos
  9 orcs
  2 ball pythons
  4 giant cockroaches
  5 goblins
  10 hobgoblins
  A quokka (D:4)
  7 bats
  3 giant newts
  4 kobolds
  10 rats
70 creatures vanquished.

Notes
Turn   | Place    | Note
--------------------------------------------------------------
     0 | D:1      | Lennu the Formicid Arcane Marksman began the quest for the Orb.
     0 | D:1      | Reached XP level 1. HP: 15/15 MP: 2/2
   158 | D:1      | Reached XP level 2. HP: 21/21 MP: 1/3
   557 | D:1      | Reached XP level 3. HP: 25/26 MP: 5/5
   819 | D:1      | Reached skill level 4 in Hexes
   942 | D:2      | Found a sparkling altar of Nemelex Xobeh.
  1085 | D:2      | Found a faded altar to an unknown god.
  1132 | D:2      | Found a basalt altar of Yredelemnul.
  1402 | D:3      | Reached XP level 4. HP: 31/32 MP: 4/6
  1518 | D:3      | Reached skill level 1 in Armour
  1532 | D:3      | Reached skill level 1 in Polearms
  1532 | D:3      | Reached XP level 5. HP: 9/38 MP: 5/8
  2171 | D:3      | Found a blossoming altar of Fedhas.
  2304 | D:4      | Noticed an ice beast
  2598 | D:3      | Learned a level 2 spell: Slow
  3282 | D:4      | Noticed an ogre
  3314 | D:4      | Slain by an ogre

Skill      XL: |  1  2  3  4 |
---------------+-------------+-----
Dodging        | 2 |  2.4
Hexes          | 4 |  4.7
Armour         | 1 |  1.6
Spellcasting   | 2 |  2.6
Fighting       | 2 |  2.1
Polearms       | 1 |  1.1
Maces & Flails | |  0.2
Throwing       | |  2.2

Action                   |  1- 3 |  4- 6 || total
-------------------------+-------+-------++-------
Melee: Club              |    51 |       ||    51
       Mace              |    22 |       ||    22
       Spear             |    37 |   123 ||   160
       Trident           |       |     8 ||     8
Throw: Javelin           |    10 |     5 ||    15
       Tomahawk          |       |    15 ||    15
 Cast: Corona            |    29 |    34 ||    63
       Slow              |       |     7 ||     7
  Eat: Chunk             |     1 |     1 ||     2
       Bread ration      |     1 |       ||     1
       Meat ration       |       |     1 ||     1
Armor: Robe              |    17 |       ||    17
       Ring mail         |    37 |    44 ||    81
       Scale mail        |     6 |       ||     6
Dodge: Dodged            |    52 |    45 ||    97
